[Event "Team 45 45 League T86"]
[Site "Internet Chess Club"]
[Date "2020.10.29"]
[Round "5"]
[White "ChessJayden"]
[Black "fledermaus"]
[Result "0-1"]
[WhiteElo "1740"]
[BlackElo "1923"]
[Opening "Sicilian: Anderssen variation"]
[ECO "B41"]
[Time "17:00:44"]
[TimeControl "2700+45"]

1. e4 c5 2. Nf3 e6 3. d4 cxd4 4. Nxd4 Nf6 5. Bd3 Nc6 6. Be3 e5 7. Nf5 d5 8. Ng3
dxe4 9. Nxe4 Nxe4 10. Bxe4 Qxd1+ 11. Kxd1 Be6 12. b3 O-O-O+ 13. Nd2 Bb4 14. Bxc6
bxc6 15. Ke2 f5 16. a3 Be7 17. g3 Kb7 18. c4 g5 19. f4 gxf4 20. gxf4 e4 21. Rhg1
Bf6 22. Rab1 Bf7 23. b4 Bh5+ 24. Kf2 Rd3 25. a4 Bh4+ 26. Rg3 Rhd8 27. Rb2 Bxg3+
28. hxg3 Rxe3 29. Kxe3 Rd3+ 30. Kf2 e3+ 31. Kf1 exd2 32. b5 d1=Q+ 33. Kf2 Qf3+
34. Kg1 Rd1+ 35. Kh2 Rh1# {White checkmated} 0-1

[Event "Team 45 45 League T86"]
[Site "Internet Chess Club"]
[Date "2020.11.01"]
[Round "5"]
[White "JeffH"]
[Black "handsomematch"]
[Result "1-0"]
[WhiteElo "1777"]
[BlackElo "1227"]
[Opening "Sicilian defense"]
[ECO "B20"]
[Time "12:00:48"]
[TimeControl "2700+45"]

1. e4 c5 2. b3 Nf6 3. e5 Nd5 4. Nc3 Nxc3 5. dxc3 Nc6 6. Nf3 g6 7. Bf4 Bg7 8. Qd2
O-O 9. O-O-O Qc7 10. h4 a6 11. h5 b5 12. Bh6 Nxe5 13. Bxg7 Nxf3 14. Qh6 Ng5 15.
Bxf8 Ne6 16. Bxe7 Qe5 17. hxg6 Qg7 18. Qxg7+ Kxg7 {Black resigns} 1-0

[Event "Team 45 45 League T86"]
[Site "Internet Chess Club"]
[Date "2020.10.31"]
[Round "5"]
[White "GoIrish"]
[Black "eevee11"]
[Result "1-0"]
[WhiteElo "1504"]
[BlackElo "987"]
[Opening "Réti: King's Indian attack"]
[ECO "A05"]
[Time "13:02:55"]
[TimeControl "2700+45"]

1. Nf3 Nf6 2. g3 g6 3. Bg2 Bg7 4. O-O O-O 5. d3 d5 6. Nbd2 c5 7. e4 Nc6 8. h3
Bd7 9. e5 Nh5 10. Re1 Qc7 11. Qe2 Qc8 12. Kh2 Bh8 13. Nf1 Ng7 14. g4 Ne6 15. c3
Qc7 16. Ng3 d4 17. Qe4 Bg7 18. h4 b6 19. h5 dxc3 20. bxc3 Rad8 21. Ba3 Na5 22.
d4 Bh6 23. d5 Ng5 24. Nxg5 Bxg5 25. f4 Bh6 26. g5 Bg7 27. e6 fxe6 28. hxg6 hxg6
29. Qxg6 Qxf4 30. Re4 Qf7 31. Qxf7+ Kxf7 32. dxe6+ Bxe6 33. Rf1+ Kg6 34. Rxe6+
Kxg5 35. Bc1+ Kg4 36. Rg6+ Kh4 37. Bg5+ Kg4 38. Bxe7# {Black checkmated} 1-0

[Event "Team 45 45 League T86"]
[Site "Internet Chess Club"]
[Date "2020.10.30"]
[Round "5"]
[White "primerpaso"]
[Black "Ajolote"]
[Result "0-1"]
[WhiteElo "1795"]
[BlackElo "1991"]
[Opening "English opening"]
[ECO "A13"]
[Time "15:07:35"]
[TimeControl "2700+45"]

1. c4 e6 2. Nc3 d5 3. cxd5 exd5 4. d4 c6 5. g3 Nf6 6. Bg2 Bf5 7. Nf3 Bd6 8. O-O
O-O 9. Bf4 Na6 10. Rc1 Nc7 11. Qb3 Rb8 12. Rfd1 Bxf4 13. gxf4 Nce8 14. Ne5 Nd6
15. Na4 Nh5 16. e3 Kh8 17. Nc5 f6 18. Ned3 g5 19. fxg5 fxg5 20. Ne5 g4 21. Rd2
Nf6 22. Qd1 Qe8 23. b3 Qh5 24. Ncd3 Nfe4 25. Nf4 Qh4 26. Rb2 Rf6 27. f3 gxf3 28.
Nxf3 Qh6 29. Qe1 Rg8 30. Qh4 Qf8 31. Ne5 Bc8 32. Rf1 Nf5 33. Qe1 Qh6 34. Rf3 Nh4
35. Rf1 b6 36. Rc2 Ba6 37. Rxc6 Nxg2 38. Nxg2 Rxg2+ 39. Kxg2 Qg7+ 40. Kh1 Rxf1+
41. Qxf1 Bxf1 {White resigns} 0-1

[Event "Team 45 45 League T86"]
[Site "Internet Chess Club"]
[Date "2020.11.04"]
[Round "5"]
[White "hipopotamos"]
[Black "ElValero"]
[Result "1-0"]
[WhiteElo "1746"]
[BlackElo "1580"]
[Opening "French: Rubinstein variation"]
[ECO "C10"]
[Time "14:00:53"]
[TimeControl "2700+45"]

1. e4 e6 2. d4 d5 3. Nc3 dxe4 4. Nxe4 Nd7 5. Nf3 Be7 6. Bf4 Ngf6 7. Bd3 Nxe4 8.
Bxe4 Nf6 9. Bd3 c5 10. c3 cxd4 11. Nxd4 O-O 12. O-O Qb6 13. Qc2 Bd7 14. Rad1
Rfd8 15. Rfe1 Rac8 16. Be5 Qa5 17. Nb3 Qb6 18. Bd4 Qc7 19. Bxf6 Bxf6 20. Bxh7+
Kf8 21. Be4 Ba4 22. Rxd8+ Rxd8 23. Rd1 Rxd1+ 24. Qxd1 Bxb3 25. Qxb3 Qf4 26. Bd3
Qc1+ 27. Bf1 b6 28. Qa3+ Kg8 29. Qxa7 Qxb2 30. c4 Bd4 31. Qa8+ Kh7 32. Qf3 Kg8
33. a4 Qa2 34. Qa8+ Kh7 35. Qe4+ {Black resigns} 1-0

[Event "Team 45 45 League T86"]
[Site "Internet Chess Club"]
[Date "2020.10.30"]
[Round "5"]
[White "andrew37"]
[Black "Kingfisher75"]
[Result "1-0"]
[WhiteElo "1735"]
[BlackElo "1514"]
[Opening "English: symmetrical, hedgehog system"]
[ECO "A05"]
[Time "17:00:46"]
[TimeControl "2700+45"]

1. Nf3 Nf6 2. c4 b6 3. g3 c5 4. Bg2 Bb7 5. O-O e6 6. Nc3 Be7 7. Re1 d5 8. cxd5
exd5 9. d4 O-O 10. Ne5 Nbd7 11. Nf3 Ne4 12. Bf4 a6 13. dxc5 Nxc3 14. bxc3 Bxc5
15. Nd4 Nf6 16. Bg5 h6 17. Bf4 Ne4 18. Rc1 Qf6 19. Be3 Rfe8 20. Qd3 Rad8 21. f3
Nd6 22. Bf2 Nc4 23. e4 Ne5 24. Qe2 dxe4 25. fxe4 Qe7 26. Rcd1 g6 27. Be3 Kg7 28.
Rf1 Bc8 29. h3 h5 30. Rf2 Bb7 31. Rdf1 Bc8 32. a4 Rf8 33. Rd1 Qe8 34. Bg5 Be7
35. Bf4 Bc5 36. Kh2 Bd6 37. Qe3 Rh8 38. Bg5 Be7 39. Rdf1 Bxg5 40. Qxg5 Rf8 41.
Rf6 Rd7 42. Ne6+ fxe6 43. Rxf8 Qxf8 44. Qxe5+ {Black resigns} 1-0

[Event "Team 45 45 League T86"]
[Site "Internet Chess Club"]
[Date "2020.10.31"]
[Round "5"]
[White "fireball"]
[Black "VictorRed"]
[Result "0-1"]
[WhiteElo "1478"]
[BlackElo "1644"]
[Opening "QGD Slav/Grünfeld: Schlechter variation"]
[ECO "D15"]
[Time "11:07:24"]
[TimeControl "2700+45"]

1. d4 d5 2. c4 c6 3. Nc3 Nf6 4. Nf3 g6 5. Bg5 Bg7 6. e3 O-O 7. Bd3 Bg4 8. h3 Be6
9. c5 Nbd7 10. b4 Ne8 11. O-O f6 12. Bh4 Bf7 13. Qc2 Qc7 14. Nh2 e5 15. f3 f5
16. Be7 exd4 17. Bxf8 Kxf8 18. exd4 Bxd4+ 19. Kh1 Qe5 20. Rae1 Qc7 21. Ne2 Be5
22. f4 Bf6 23. Nf3 Ng7 24. Nfd4 Bh4 25. g3 Bf6 26. Nf3 Nh5 27. Nh2 Re8 28. Rg1
b5 29. Ref1 d4 30. Nf3 Bd5 31. Kh2 Re3 32. Nexd4 Bxa2 33. Qxa2 Nxf4 34. gxf4
Qxf4+ 35. Kh1 Bxd4 36. Nxd4 Rxh3+ 37. Kg2 Qg3# {White checkmated} 0-1

[Event "Team 45 45 League T86"]
[Site "Internet Chess Club"]
[Date "2020.10.29"]
[Round "5"]
[White "Ohanessian"]
[Black "Ajolote"]
[Result "1-0"]
[WhiteElo "2032"]
[BlackElo "1983"]
[Opening "Sicilian: Smith-Morra gambit"]
[ECO "B21"]
[Time "15:03:48"]
[TimeControl "2700+45"]

1. e4 c5 2. d4 cxd4 3. c3 Nf6 4. e5 Nd5 5. cxd4 Nc6 6. Nf3 d6 7. Bc4 Nb6 8. Bb5
Bd7 9. exd6 e6 10. Bg5 f6 11. Bd2 Bxd6 12. O-O O-O 13. Nc3 Nb4 14. Qb3 N4d5 15.
Bd3 Bc6 16. Rfe1 Qd7 17. a4 Rae8 18. a5 Na8 19. Qc2 Nxc3 20. Bxh7+ Kh8 21. Nh4
f5 22. Bg6 Qe7 23. g3 Nb5 24. Qd1 {Black resigns} 1-0

[Event "Team 45 45 League T86"]
[Site "Internet Chess Club"]
[Date "2020.10.30"]
[Round "5"]
[White "martineden"]
[Black "ulfbert"]
[Result "0-1"]
[WhiteElo "1890"]
[BlackElo "1983"]
[Opening "Grünfeld: 5.Bf4"]
[ECO "D92"]
[Time "10:32:51"]
[TimeControl "2700+45"]

1. d4 Nf6 2. Nf3 g6 3. c4 Bg7 4. Nc3 d5 5. Bf4 O-O 6. Rc1 dxc4 7. e4 c5 8. dxc5
Qa5 9. Qe2 Nh5 10. Be3 Nc6 11. Qxc4 Be6 12. Qb5 Bxc3+ 13. Rxc3 Qxa2 14. Bd3 Qa1+
15. Rc1 Qa5+ 16. Qxa5 Nxa5 17. b4 Rfd8 18. Ke2 Nb3 19. Rc3 a5 20. bxa5 Rxa5 21.
Rb1 Nxc5 22. Rxc5 Rxc5 23. Bxc5 Nf4+ 24. Ke3 Nxd3 25. Bxe7 Rd7 26. Rd1 Nf4 27.
Rxd7 Nxg2+ 28. Kd3 Bxd7 29. Bg5 Kg7 30. Ne5 Bb5+ 31. Nc4 f6 32. Bd2 g5 33. Kd4
Bxc4 34. Kxc4 h5 35. e5 fxe5 36. Bxg5 Nf4 37. Kc5 Ne6+ {White resigns} 0-1

[Event "Team 45 45 League T86"]
[Site "Internet Chess Club"]
[Date "2020.10.29"]
[Round "5"]
[White "QuieroAprender"]
[Black "fishhead"]
[Result "0-1"]
[WhiteElo "1589"]
[BlackElo "1794"]
[Opening "Queen's pawn: London system"]
[ECO "A45"]
[Time "21:00:15"]
[TimeControl "2700+45"]

1. d4 Nf6 2. Bf4 Nh5 3. Bg3 Nxg3 4. hxg3 d5 5. Nf3 Bf5 6. e3 h6 7. Nbd2 e6 8.
Bb5+ c6 9. Ba4 Nd7 10. c3 Bd6 11. b4 O-O 12. Bc2 Bg4 13. Rh4 f5 14. Bd3 e5 15.
dxe5 Nxe5 16. Be2 Ng6 17. Rh1 Qf6 18. Nd4 Bxe2 19. Nxe2 Rae8 20. Qc2 f4 21. gxf4
Nxf4 22. exf4 Qxf4 23. Nf3 Qc4 24. a3 Re4 25. Rd1 Rfe8 26. Rd2 Bf4 27. Nd4 Bxd2+
28. Qxd2 b6 29. f3 Re3 30. Rxh6 gxh6 31. Qc2 Qxc3+ {White resigns} 0-1

[Event "Team 45 45 League T86"]
[Site "Internet Chess Club"]
[Date "2020.10.31"]
[Round "5"]
[White "haofangzhu"]
[Black "Portola"]
[Result "0-1"]
[WhiteElo "1754"]
[BlackElo "1650"]
[Opening "French: Tarrasch"]
[ECO "C03"]
[Time "17:03:06"]
[TimeControl "2700+45"]

1. e4 e6 2. d4 d5 3. Nd2 dxe4 4. Nxe4 Be7 5. Nf3 Nd7 6. Bd3 Ngf6 7. O-O O-O 8.
c3 b6 9. Bg5 Bb7 10. Bxf6 Nxf6 11. Qc2 h6 12. Rad1 Qc8 13. Rd2 c5 14. dxc5 bxc5
15. Nxf6+ Bxf6 16. Be4 Bxe4 17. Qxe4 Qc7 18. Qa4 Rad8 19. Rfd1 Rxd2 20. Rxd2 Qb6
21. Qc4 Rd8 22. b4 cxb4 23. cxb4 Qb8 24. Rxd8+ Qxd8 25. g3 Qd1+ 26. Kg2 Qa4 27.
Nd2 Qd7 28. Ne4 Qb7 29. f3 Be7 30. b5 Qd7 31. a4 f5 32. Nc5 Qd2+ 33. Kh3 Qd5 34.
Qxd5 exd5 35. Nd3 Bd8 36. Ne5 Bb6 37. g4 f4 38. g5 Bc7 39. Nc6 Bb6 40. gxh6 gxh6
41. Nxa7 Bxa7 42. a5 Bc5 43. b6 d4 44. Kg2 Kf7 45. Kf1 Ke6 46. Ke2 Kd7 47. Kd3
Kc6 48. Ke4 Kb7 49. Kxf4 d3 50. Ke4 d2 51. f4 d1=Q 52. f5 Qd4+ 53. Kf3 h5 54. h3
Qe3+ 55. Kg2 Qe4+ 56. Kg3 h4+ 57. Kh2 Bd6+ 58. Kg1 Qe1+ 59. Kg2 Bg3 60. a6+ Kxa6
61. b7 Kxb7 62. Kf3 Qf2+ 63. Kg4 Qf4+ 64. Kh5 Qxf5+ 65. Kh6 Bf4+ 66. Kg7 Be5+
67. Kh6 Bf4+ 68. Kg7 Kc7 69. Kg8 Bg5 70. Kg7 Kd7 71. Kh8 Ke7 72. Kg7 Qf7+ {White
resigns} 0-1

[Event "Team 45 45 League T86"]
[Site "Internet Chess Club"]
[Date "2020.11.02"]
[Round "5"]
[White "janh"]
[Black "MacroPawn"]
[Result "1-0"]
[WhiteElo "1954"]
[BlackElo "1894"]
[Opening "Pirc defense"]
[ECO "B07"]
[Time "20:08:41"]
[TimeControl "2700+45"]

1. e4 d6 2. d4 Nf6 3. Nc3 g6 4. h4 c6 5. h5 Nxh5 6. Rxh5 gxh5 7. Qxh5 e6 8. Nf3
Nd7 9. Bf4 Nf6 10. Qh2 b5 11. a3 a5 12. e5 Nd5 13. Nxd5 exd5 14. exd6 Bf5 15.
Kd2 Qb6 16. Re1+ Kd7 17. Ne5+ Kc8 18. Bd3 Bxd3 19. Qh3+ Kb7 20. Qd7+ Ka6 21.
Nxd3 Rd8 22. Qxf7 Qa7 23. Nc5+ Kb6 24. Qf6 Bg7 25. Qg5 Bxd4 26. Re7 Qa8 27. Nb3
Rhg8 28. Qh4 c5 29. Nxd4 cxd4 30. Be5 {Black resigns} 1-0

[Event "Team 45 45 League T86"]
[Site "Internet Chess Club"]
[Date "2020.10.31"]
[Round "5"]
[White "cadmiumorange"]
[Black "achessman"]
[Result "1/2-1/2"]
[WhiteElo "1782"]
[BlackElo "1918"]
[Opening "Caro-Kann: closed (Breyer) variation"]
[ECO "B10"]
[Time "10:02:54"]
[TimeControl "2700+45"]

1. e4 c6 2. d3 d5 3. Nd2 e5 4. Ngf3 Bd6 5. g3 Nf6 6. Bg2 O-O 7. O-O Bg4 8. h3
Bh5 9. Qe1 Re8 10. Nh4 dxe4 11. Nxe4 Nxe4 12. dxe4 Nd7 13. Nf5 Bc5 14. Be3 Qb6
15. Bxc5 Nxc5 16. Qe3 Rad8 17. b3 Ne6 18. Qxb6 axb6 19. Ne3 Rd2 20. g4 Bg6 21.
Rfd1 Red8 22. Rxd2 Rxd2 23. Rd1 Rxd1+ 24. Nxd1 Nd4 25. Ne3 b5 26. f3 Ne2+ 27.
Kf2 Nc3 28. a3 f6 29. Bf1 b6 30. Be2 Nb1 31. a4 bxa4 32. bxa4 Nc3 33. Bc4+ Bf7
34. Bb3 g6 35. Ke1 Kf8 36. Kd2 Nb1+ 37. Kd3 Be8 38. Nc4 {Game drawn by mutual
agreement} 1/2-1/2

[Event "Team 45 45 League T86"]
[Site "Internet Chess Club"]
[Date "2020.11.02"]
[Round "5"]
[White "primerpaso"]
[Black "pishd"]
[Result "0-1"]
[WhiteElo "1780"]
[BlackElo "1841"]
[Opening "English opening"]
[ECO "D35"]
[Time "07:06:34"]
[TimeControl "2700+45"]

1. c4 e6 2. Nc3 d5 3. cxd5 exd5 4. d4 Nf6 5. Nf3 c6 6. g3 Bd6 7. Bg2 O-O 8. O-O
h6 9. Ne5 Na6 10. h3 Ne4 11. Nxe4 dxe4 12. Kh2 Bf5 13. Bd2 Rc8 14. Bc3 Nb4 15.
Nc4 Nd5 16. Nxd6 Qxd6 17. e3 Rfe8 18. a3 Ra8 19. Qd2 Qd7 20. Rfb1 h5 21. a4 h4
22. a5 hxg3+ 23. fxg3 Re6 24. g4 Qd6+ 25. Kg1 Bh7 26. a6 b6 27. Rf1 Qg3 28. Rae1
Rh6 29. Qf2 Rxh3 30. Qxf7+ Kh8 31. Qb7 Qh2+ 32. Kf2 Rf8+ {White resigns} 0-1

[Event "Team 45 45 League T86"]
[Site "Internet Chess Club"]
[Date "2020.11.01"]
[Round "5"]
[White "cayo89"]
[Black "ElValero"]
[Result "1-0"]
[WhiteElo "1569"]
[BlackElo "1625"]
[Opening "Queen's pawn: London system"]
[ECO "A45"]
[Time "11:04:56"]
[TimeControl "2700+45"]

1. d4 Nf6 2. Bf4 e6 3. e3 c5 4. c3 Be7 5. Bd3 O-O 6. Nd2 d5 7. h3 b6 8. Ngf3 Ba6
9. Qe2 Bxd3 10. Qxd3 cxd4 11. exd4 Nc6 12. O-O Re8 13. Ne5 Nxe5 14. dxe5 Nd7 15.
Bh2 Bf8 16. f4 g6 17. Qe2 Bg7 18. Kh1 f6 19. exf6 Nxf6 20. Rad1 Qe7 21. Nf3 Ne4
22. Ne5 Bxe5 23. fxe5 Rf8 24. c4 Rxf1+ 25. Rxf1 Rf8 26. cxd5 Rxf1+ 27. Qxf1 exd5
28. Qb5 Qf7 29. a3 Nf2+ 30. Kg1 Nd1 31. Qe2 Nxb2 32. Qxb2 Qc7 33. e6 Qc5+ 34.
Qf2 Qxf2+ 35. Kxf2 Kf8 36. Bd6+ Kg7 37. Be5+ Kf8 38. Bf6 b5 39. Ke3 a5 40. Kd4
b4 41. axb4 axb4 42. Kxd5 b3 43. Kd6 h5 44. Kd7 {Black resigns} 1-0

[Event "Team 45 45 League T86"]
[Site "Internet Chess Club"]
[Date "2020.11.01"]
[Round "5"]
[White "Sloggi"]
[Black "The7thGuest"]
[Result "1/2-1/2"]
[WhiteElo "1977"]
[BlackElo "1831"]
[Opening "Nimzo-Indian: classical, Noa variation, 5.cd ed"]
[ECO "E35"]
[Time "13:02:51"]
[TimeControl "2700+45"]

1. d4 Nf6 2. c4 e6 3. Nc3 Bb4 4. Qc2 d5 5. cxd5 exd5 6. Bg5 Nbd7 7. e3 O-O 8.
Bd3 h6 9. Bh4 c5 10. Nf3 Qa5 11. O-O Bxc3 12. Qxc3 Qxc3 13. bxc3 c4 14. Bc2 Re8
15. Nd2 g5 16. Bg3 Nb6 17. a4 Ne4 18. Bxe4 dxe4 19. a5 Nd5 20. Rfc1 f5 21. Be5
Be6 22. Nxc4 Rec8 23. Nd6 Rxc3 24. Rxc3 Nxc3 25. Kf1 Rf8 26. Rc1 Nd5 27. Ke2 b6
28. a6 Bd7 29. h4 g4 30. f3 exf3+ 31. gxf3 h5 32. e4 gxf3+ 33. Kxf3 fxe4+ 34.
Kxe4 Nf6+ 35. Kd3 Ng4 36. Ke4 Nf6+ 37. Kd3 Ng4 38. Ke4 Nf6+ {Game drawn by
repetition} 1/2-1/2

[Event "Team 45 45 League T86"]
[Site "Internet Chess Club"]
[Date "2020.10.30"]
[Round "5"]
[White "fileman"]
[Black "Tufnell"]
[Result "0-1"]
[WhiteElo "1854"]
[BlackElo "1891"]
[Opening "Sicilian"]
[ECO "B50"]
[Time "15:07:03"]
[TimeControl "2700+45"]

1. e4 c5 2. Nf3 d6 3. Be2 Nf6 4. e5 dxe5 5. Nxe5 e6 6. d3 Be7 7. Nc3 O-O 8. Be3
Nfd7 9. Nxd7 Bxd7 10. Bf3 Nc6 11. a3 Nd4 12. Bxb7 Rb8 13. Bf3 Rxb2 14. Bxd4 cxd4
15. Ne2 Ba4 16. O-O Rxc2 17. Qb1 Qd7 18. Ra2 Rxa2 19. Qxa2 Rc8 20. Qb2 e5 21.
Ng3 g6 22. Re1 Qc7 23. h3 Qc3 24. Qxc3 dxc3 25. Rxe5 c2 26. Ne2 c1=Q+ 27. Nxc1
Rxc1+ {White resigns} 0-1

[Event "Team 45 45 League T86"]
[Site "Internet Chess Club"]
[Date "2020.10.30"]
[Round "5"]
[White "Boxermam"]
[Black "DeepPoo"]
[Result "1-0"]
[WhiteElo "1748"]
[BlackElo "1707"]
[Opening "Sicilian: closed"]
[ECO "B23"]
[Time "14:00:14"]
[TimeControl "2700+45"]

1. e4 c5 2. Nc3 g6 3. f4 d6 4. Nf3 Bg7 5. Bb5+ Bd7 6. Bc4 Nc6 7. O-O a6 8. a3 b5
9. Bd5 e6 10. Bxc6 Bxc6 11. d3 Ne7 12. Kh1 O-O 13. Qe1 d5 14. Qh4 f6 15. Qe1 d4
16. Ne2 e5 17. fxe5 fxe5 18. Qh4 Bf6 19. Bg5 Qd6 20. Bxf6 Qxf6 21. Qxf6 Rxf6 22.
Nxe5 Raf8 23. Kg1 Re6 24. Rxf8+ Kxf8 25. Rf1+ Ke8 26. Nf7 Nf5 27. Nf4 Rf6 28.
exf5 Kxf7 29. fxg6+ hxg6 30. Ne2 Rxf1+ 31. Kxf1 Kf6 32. Kf2 Bd5 33. h4 Ba2 34.
Ke1 Bd5 35. Nf4 Bc6 36. Kf2 Kf5 37. g3 Bb7 38. Ke2 Bc6 39. Kf2 Bb7 40. Ne2 Bd5
41. c3 dxc3 42. Nxc3 Bb3 43. Ne2 Kg4 44. d4 cxd4 45. Nxd4 Bd5 46. Nc2 Bb3 47.
Ne3+ Kh5 48. Kf3 g5 49. hxg5 Kxg5 50. Ke4 Kf6 51. Nd5+ Kg5 52. Ne3 Bf7 53. Kd4
Kf6 54. Nd5+ Kg5 55. Nc7 Kg4 56. Nxa6 Kxg3 57. b4 Kf4 58. Nc7 Bc4 59. Kc5 Ke3
60. Nxb5 Kd3 61. a4 Be6 62. Nc7 Bc8 63. b5 {Black resigns} 1-0

[Event "Team 45 45 League T86"]
[Site "Internet Chess Club"]
[Date "2020.10.30"]
[Round "5"]
[White "MathBandit"]
[Black "cayo89"]
[Result "1/2-1/2"]
[WhiteElo "1682"]
[BlackElo "1549"]
[Opening "Pirc defense"]
[ECO "B07"]
[Time "20:01:44"]
[TimeControl "2700+45"]

1. e4 d6 2. d4 Nf6 3. f3 e5 4. dxe5 dxe5 5. Qxd8+ Kxd8 6. Bc4 Be6 7. Bxe6 fxe6
8. Be3 Bd6 9. Nh3 Nbd7 10. Nc3 a6 11. O-O b5 12. a3 h6 13. Na2 c5 14. Rad1 Ke7
15. Rd2 g5 16. Rfd1 Bc7 17. Nf2 Rab8 18. Ng4 Bb6 19. b4 c4 20. Bxb6 Rxb6 21.
Nxf6 Nxf6 22. Nc3 Ra8 23. Ne2 a5 24. c3 axb4 25. axb4 Rba6 26. Kf2 Ra1 27. Rxa1
Rxa1 28. Kg3 {Game drawn by mutual agreement} 1/2-1/2

[Event "Team 45 45 League T86"]
[Site "Internet Chess Club"]
[Date "2020.11.01"]
[Round "5"]
[White "liujf"]
[Black "Redman1"]
[Result "1/2-1/2"]
[WhiteElo "1602"]
[BlackElo "1549"]
[Opening "King's Indian: fianchetto with ...Nc6"]
[ECO "E62"]
[Time "13:02:27"]
[TimeControl "2700+45"]

1. d4 Nf6 2. c4 g6 3. g3 Bg7 4. Bg2 O-O 5. Nc3 d6 6. Nf3 Nc6 7. e4 a6 8. O-O e5
9. d5 Ne7 10. Ne1 Nd7 11. Nd3 f5 12. Be3 h6 13. Qd2 g5 14. f4 exf4 15. gxf4 g4
16. Kh1 h5 17. Qf2 Ng6 18. exf5 Nh4 19. Ne4 Nxg2 20. Qxg2 Nf6 21. Ng5 Bxf5 22.
Ne6 Be4 23. Nxd8 Bxg2+ 24. Kxg2 Raxd8 25. Bd4 Rde8 26. Rae1 Ne4 27. Bxg7 Kxg7
28. Re2 Nf6 29. Rfe1 Rxe2+ 30. Rxe2 Re8 31. Rxe8 Nxe8 32. Kg3 Kg6 33. Kh4 Nf6
34. h3 gxh3 35. Kxh3 Kf5 36. Kg3 b6 37. Nb4 a5 38. Na6 Ne8 39. Kh4 Kxf4 40. Kxh5
Kf5 41. b3 Kf6 42. Kg4 Ke7 43. Kf5 Ng7+ 44. Kg6 Ne8 45. a3 Kf8 46. b4 axb4 47.
axb4 Ke7 48. b5 Kf8 49. Nb8 Ke7 50. Nc6+ Kf8 51. Nd8 Ke7 52. Ne6 Nf6 53. Nxc7
Nd7 54. Kf5 Ne5 55. Ke4 Nxc4 56. Kd4 Na3 57. Ke4 Kd7 58. Na8 Nxb5 59. Nxb6+ Kc7
60. Nc4 Nc3+ {Game drawn by mutual agreement} 1/2-1/2

[Event "Team 45 45 League T86"]
[Site "Internet Chess Club"]
[Date "2020.11.01"]
[Round "5"]
[White "Tjet"]
[Black "BrerRabbit"]
[Result "1/2-1/2"]
[WhiteElo "1316"]
[BlackElo "1407"]
[Opening "English opening"]
[ECO "A20"]
[Time "19:02:15"]
[TimeControl "2700+45"]

1. c4 e5 2. g3 d6 3. Bg2 Be7 4. Nc3 f5 5. d3 Nf6 6. e3 O-O 7. Nd5 Nxd5 8. Bxd5+
Kh8 9. Bg2 Nd7 10. Ne2 Nf6 11. O-O c6 12. b3 Qc7 13. Bb2 Be6 14. Qc2 d5 15. cxd5
Nxd5 16. a3 Rad8 17. Rad1 Bf6 18. d4 e4 19. Nc3 Nxc3 20. Bxc3 Be7 21. Bb2 {Game
drawn by mutual agreement} 1/2-1/2

[Event "Team 45 45 League T86"]
[Site "Internet Chess Club"]
[Date "2020.11.02"]
[Round "5"]
[White "Portola"]
[Black "andrew37"]
[Result "1-0"]
[WhiteElo "1670"]
[BlackElo "1715"]
[Opening "King's Indian: Torre attack"]
[ECO "A48"]
[Time "17:00:37"]
[TimeControl "2700+45"]

1. d4 Nf6 2. Nf3 g6 3. Bg5 Ne4 4. Bh4 Bg7 5. c3 c5 6. e3 cxd4 7. exd4 O-O 8.
Nbd2 Nxd2 9. Qxd2 d6 10. Be2 Bf5 11. O-O Nd7 12. Rfe1 Nf6 13. Qd1 Qb6 14. Qb3
Be6 15. Bc4 Bxc4 16. Qxc4 Rfe8 17. Qb3 Rac8 18. Re2 Qxb3 19. axb3 a6 20. Rae1 e6
21. Bg3 d5 22. Ne5 Ne4 23. Nd3 Bf8 24. Be5 Rc6 25. f3 Nd6 26. Nc5 Rc7 27. c4
dxc4 28. Ne4 Nxe4 29. Bxc7 Rc8 30. Ba5 Nf6 31. bxc4 Rxc4 32. Bd2 Nd5 33. Rc1
Rxd4 34. Rc8 Nf4 35. Bxf4 Rxf4 36. Re4 Rf5 37. Rc7 Rb5 38. Rc2 Bc5+ 39. Kf1 b6
40. Ke2 Kg7 41. Kd3 Rb3+ 42. Kd2 Kf6 43. Rec4 e5 44. Ke2 Re3+ 45. Kd2 Rb3 46.
Kc1 Be3+ 47. Kb1 Bd4 48. f4 Rb5 49. fxe5+ Bxe5 50. h3 Ke6 51. Ra4 a5 52. Ra3 h5
53. Ka2 Rb4 54. Rb3 Ra4+ 55. Kb1 Bd4 56. Re2+ Kd5 57. Rd2 Kc4 58. Rbd3 Kc5 59.
Rc2+ Kd5 60. Rf3 f6 61. Rd2 Ke6 62. Rf4 Ke5 63. Rf3 Ke6 64. Rc2 Rb4 65. Re2+ Be5
66. Rfe3 Rb5 67. Re4 Rb3 68. R4e3 Rb5 69. Ka2 Rb4 70. Re4 Rb5 71. Rc4 Kd5 72. b3
Kd6 73. Rd2+ Ke6 74. Ka3 Bd6+ 75. Ka4 Re5 76. Rc6 Rd5 77. Rxd5 Kxd5 78. Rxb6 g5
79. Rb5+ Kc6 80. Rxa5 Be5 81. b4 Kd6 82. Rc5 f5 83. Rc4 g4 84. hxg4 hxg4 85. Rc1
f4 86. Rd1+ Ke6 87. Rd3 Kf5 88. Kb3 Ke4 89. Kc2 f3 90. gxf3+ gxf3 91. Rd1 f2 92.
Kd2 Kf3 93. Rf1 Bd4 94. Kd3 Bb6 95. b5 Kg2 96. Ke2 Kg3 97. Rd1 Kg2 98. Rb1 Kg3
99. Kf1 Kf4 100. Rc1 Ke5 101. Rc6 Ba5 {Black resigns} 1-0

[Event "Team 45 45 League T86"]
[Site "Internet Chess Club"]
[Date "2020.11.01"]
[Round "5"]
[White "timothysmall56"]
[Black "evan7284"]
[Result "1-0"]
[WhiteElo "1702"]
[BlackElo "1622"]
[Opening "Petrov: classical attack, Marshall variation"]
[ECO "C42"]
[Time "14:10:38"]
[TimeControl "2700+45"]

1. e4 e5 2. Nf3 Nf6 3. Nxe5 d6 4. Nf3 Nxe4 5. d4 d5 6. Bd3 Bd6 7. Nc3 Nxc3 8.
bxc3 O-O 9. O-O Bg4 10. h3 Bh5 11. g4 Bg6 12. Bg5 f6 13. Bxg6 fxg5 14. Bf5 c6
15. Qd3 h6 16. Rfe1 Nd7 17. Re6 Rf6 18. Rae1 Rxe6 19. Bxe6+ Kh8 20. Qg6 Qf6 21.
Qd3 Nb6 22. Bf5 Qf8 23. Qe3 Qf6 24. Qd3 Qf8 25. Re6 Re8 26. Qe2 Rxe6 27. Qxe6
Qf6 28. Qe8+ Bf8 29. Ne5 Kg8 30. Be6+ Kh7 31. Bf7 Qe7 32. Bg6+ Kg8 33. Qb8 a6
34. Kf1 Nc4 35. Nxc4 dxc4 36. Qc8 Qf6 37. Bf5 Qe7 38. Be6+ Kh8 39. Bxc4 b5 40.
Bb3 Qd6 41. Qe6 Qxe6 42. Bxe6 c5 43. Ke2 g6 44. Ke3 Kg7 45. Ke4 Kf6 46. Kd5 cxd4
47. cxd4 a5 48. Bd7 b4 49. Kc4 Ke7 50. Ba4 Kd6 51. d5 Bg7 52. Bb3 Bc3 53. Kb5 a4
54. Kxa4 Kc5 55. Ka5 Bd2 56. Ka6 Bc3 57. Kb7 Kd6 58. Kb6 Bd2 59. Kb5 Bc3 60. Kc4
Bd2 61. Ba4 Bc3 62. Be8 Be1 63. f3 Bc3 64. Bxg6 Bd2 65. Be4 Bc3 66. a3 {Black
resigns} 1-0

[Event "Team 45 45 League T86"]
[Site "Internet Chess Club"]
[Date "2020.10.31"]
[Round "5"]
[White "rubo"]
[Black "goldeen7"]
[Result "1-0"]
[WhiteElo "1484"]
[BlackElo "1334"]
[Opening "Queen's pawn: London system"]
[ECO "A45"]
[Time "05:00:50"]
[TimeControl "2700+45"]

1. d4 Nf6 2. Bf4 d6 3. e3 g6 4. Bd3 Bg7 5. Nd2 O-O 6. c3 Nc6 7. Ngf3 Bg4 8. h3
Bxf3 9. Qxf3 e5 10. Bh2 exd4 11. cxd4 Nb4 12. Bb1 Nc6 13. O-O Qd7 14. a3 Ne8 15.
Ba2 Kh8 16. Ne4 f5 17. Ng5 h6 18. Ne6 Rf6 19. Nxg7 Nxg7 20. Bd5 Raf8 21. Rac1
Ne6 22. Bxc6 bxc6 23. Qxc6 Qxc6 24. Rxc6 R6f7 25. Rfc1 Rb8 26. b4 a5 27. d5 Ng5
28. Rxc7 Rxc7 29. Rxc7 axb4 30. axb4 Rxb4 31. Bxd6 Rb1+ 32. Kh2 Ne4 33. Be5+ Kg8
34. f3 Nf2 35. Rg7+ Kf8 36. Rxg6 Nd3 37. Rf6+ Ke7 38. Rxf5 Nxe5 39. Rxe5+ Kf6
40. f4 Rb8 41. e4 Rb7 42. Re6+ Kg7 43. d6 Rf7 44. f5 Rf6 45. g4 Rxe6 46. fxe6
Kf6 47. e7 Kf7 48. e5 Ke8 49. h4 {Black resigns} 1-0